[ AOE2 MATCH · #477502920 ]
Team RMMaya vs Italians
[ REPLAY ANALYSIS · EXTRACTED FROM THE RECORDED GAME ]
Feudal
14:41
Castle
26:56
Imperial
39:11
| APM avg | 8.8 |
| APM peak | 54 |
| eAPM avg | 7.5 |
| Villagers / military | 88 / 248 |
Focus
⚔️ 32.3% · 🌾 67.7%
Archer ×126 · Skirmisher ×116 · Petard ×4 · Mangonel ×2
Feudal
12:43
Castle
22:35
Imperial
37:20
| APM avg | 24.9 |
| APM peak | 181 |
| eAPM avg | 15.8 |
| Villagers / military | 90 / 232 |
Focus
⚔️ 33.6% · 🌾 66.4%
Knight ×120 · Genoese Crossbowman ×86 · Trade Cart ×21 · Archer ×16 · Skirmisher ×5 · Trebuchet (Packed) ×5
Feudal
—
Castle
—
Imperial
—
| APM avg | 10.3 |
| APM peak | 35 |
| eAPM avg | 8.0 |
| Villagers / military | 57 / 172 |
Focus
⚔️ 53.7% · 🌾 46.3%
Skirmisher ×84 · Archer ×26 · Scout Cavalry ×24 · Rattan Archer ×17 · Battle Elephant ×14 · Bombard Cannon ×5
Feudal
13:35
Castle
29:33
Imperial
59:30
| APM avg | 9.7 |
| APM peak | 27 |
| eAPM avg | 8.6 |
| Villagers / military | 64 / 158 |
Focus
⚔️ 50.5% · 🌾 49.5%
Magyar Huszar ×77 · Militia ×28 · Skirmisher ×21 · Mangonel ×12 · Battering Ram ×11 · Spearman ×5
Feudal
10:59
Castle
18:46
Imperial
34:24
| APM avg | 14.6 |
| APM peak | 33 |
| eAPM avg | 11.8 |
| Villagers / military | 219 / 60 |
Focus
⚔️ 17.1% · 🌾 82.9%
Archer ×27 · Trade Cart ×24 · Bombard Cannon ×10 · Monk ×6 · Battering Ram ×5 · Skirmisher ×5
Feudal
11:34
Castle
21:40
Imperial
32:54
| APM avg | 12.0 |
| APM peak | 33 |
| eAPM avg | 10.8 |
| Villagers / military | 119 / 110 |
Focus
⚔️ 34.6% · 🌾 65.4%
Hussite Wagon ×74 · Bombard Cannon ×28 · Trade Cart ×8 · Spearman ×4 · Trebuchet (Packed) ×3 · Monk ×1
Feudal
11:26
Castle
21:41
Imperial
34:21
| APM avg | 17.4 |
| APM peak | 51 |
| eAPM avg | 11.6 |
| Villagers / military | 127 / 186 |
Focus
⚔️ 27.5% · 🌾 72.5%
Monaspa ×181 · Trade Cart ×18 · Monk ×5
Feudal
16:21
Castle
26:56
Imperial
35:37
| APM avg | 12.7 |
| APM peak | 28 |
| eAPM avg | 10.5 |
| Villagers / military | 114 / 88 |
Focus
⚔️ 23.8% · 🌾 76.2%
Magyar Huszar ×46 · Archer ×19 · Spearman ×10 · Trade Cart ×10 · Trebuchet (Packed) ×7 · Knight ×5
Match map
Initial resources + every placement click. Lines = walls · curves = elevation contours. ◆ gold · ⬟ stone · ● berries · ✦ relic · ◌ wall gap
Your base· ✓ Closed at 26:56 · 0t walls · 2 gate(s)
PIN's base· ✓ Closed at 22:35 · 0t walls · 2 gate(s)
PlayeReLLi's base· ✓ Closed at 30:30 · 70t walls · 3 gate(s)
MMS's base· ✓ Closed at 29:33 · 48t walls · 3 gate(s)
Vasea73's base· ✓ Closed at 18:46 · 0t walls · 3 gate(s)
Wit Ridder's base· ✓ Closed at 21:40 · 0t walls · 2 gate(s)
猫神TRACK's base· ✓ Closed at 21:41 · 0t walls · 3 gate(s)
Anairda's base· ✓ Closed at 26:56 · 0t walls · 3 gate(s)
Smoothed initial terrain · ◌ = detected wall gap · hover for details
Inputs per minute
— Lukrat - - PIN
Build order — Lukrat
First 150 of 326 actions detected
| 2:04 | Build | House |
| 2:05 | Build | House |
| 2:06 | Build | House |
| 2:07 | Build | House |
| 2:09 | Create | Villager (Male) ×3 |
| 2:10 | Research | Loom |
| 2:21 | Create | Villager (Male) |
| 2:21 | Create | Villager (Male) |
| 2:21 | Create | Villager (Male) |
| 2:21 | Create | Villager (Male) |
| 3:57 | Create | Villager (Male) |
| 4:23 | Create | Villager (Male) |
| 4:52 | Create | Villager (Male) |
| 4:52 | Create | Villager (Male) |
| 4:52 | Create | Villager (Male) |
| 5:42 | Create | Villager (Male) |
| 5:42 | Create | Villager (Male) |
| 7:10 | Create | Villager (Male) |
| 7:10 | Create | Villager (Male) |
| 7:11 | Create | Villager (Male) |
| 7:11 | Create | Villager (Male) |
| 7:11 | Create | Villager (Male) |
| 8:37 | Create | Villager (Male) |
| 8:37 | Create | Villager (Male) |
| 10:12 | Create | Villager (Male) |
| 10:13 | Create | Villager (Male) |
| 10:14 | Create | Villager (Male) |
| 10:55 | Build | Mining Camp |
| 11:11 | Build | Mining Camp |
| 11:38 | Build | Barracks |
| 11:47 | Build | Lumber Camp |
| 12:27 | Build | Mill |
| 12:31 | Research | Feudal Age |
| 12:31 | Research | Feudal Age |
| 12:41 | Build | House |
| 13:18 | Build | House |
| 13:52 | Build | House |
| 14:29 | Build | House |
| 14:41 | Age | Feudal Age |
| 14:41 | Research | Double-Bit Axe |
| 14:42 | Research | Double-Bit Axe |
| 14:45 | Research | Wheelbarrow |
| 14:49 | Research | Horse Collar |
| 15:05 | Build | Archery Range |
| 15:24 | Research | Gold Mining |
| 15:35 | Create | Villager (Male) |
| 15:42 | Build | Blacksmith |
| 16:04 | Create | Villager (Male) |
| 16:38 | Create | Villager (Male) |
| 16:56 | Build | Farm |
| 17:21 | Build | Farm |
| 17:30 | Create | Villager (Male) |
| 17:30 | Create | Villager (Male) |
| 17:30 | Create | Villager (Male) |
| 18:00 | Build | Farm |
| 18:06 | Create | Villager (Male) |
| 18:06 | Create | Villager (Male) |
| 18:21 | Build | Farm |
| 18:21 | Build | Farm |
| 18:27 | Build | Farm |
| 18:44 | Build | Farm |
| 18:44 | Build | Farm |
| 18:50 | Build | Farm |
| 19:03 | Build | Farm |
| 19:07 | Build | Farm |
| 19:19 | Build | Farm |
| 19:49 | Create | Villager (Male) |
| 19:50 | Create | Villager (Male) |
| 19:50 | Create | Villager (Male) |
| 19:50 | Create | Villager (Male) |
| 19:50 | Create | Villager (Male) |
| 20:30 | Research | Stone Mining |
| 20:39 | Research | Fletching |
| 20:41 | Research | Padded Archer Armor |
| 20:45 | Create | Archer |
| 20:45 | Create | Archer |
| 20:46 | Create | Archer |
| 20:46 | Create | Archer |
| 20:48 | Create | Archer |
| 21:16 | Build | Farm |
| 21:16 | Build | Farm |
| 21:17 | Build | Farm |
| 21:18 | Build | Farm |
| 21:47 | Create | Villager (Male) |
| 21:48 | Create | Villager (Male) |
| 22:45 | Create | Villager (Male) |
| 22:45 | Create | Villager (Male) |
| 22:46 | Create | Villager (Male) |
| 23:05 | Build | House |
| 23:27 | Build | House |
| 23:53 | Research | Castle Age |
| 24:27 | Build | House |
| 24:35 | Build | Lumber Camp |
| 24:44 | Build | Market |
| 26:56 | Age | Castle Age |
| 27:18 | Build | Castle |
| 27:36 | Research | Hand Cart |
| 27:39 | Research | Heavy Plow |
| 27:42 | Research | Bow Saw |
| 27:46 | Research | Stone Shaft Mining |
| 27:54 | Build | Town Center |
| 28:02 | Research | Crossbowman (upgrade) |
| 28:03 | Research | Thumb Ring |
| 28:08 | Research | Leather Archer Armor |
| 28:45 | Build | Castle |
| 29:04 | Build | Mining Camp |
| 29:15 | Create | Villager (Male) |
| 29:16 | Create | Villager (Male) |
| 29:16 | Create | Villager (Male) |
| 29:16 | Create | Villager (Male) |
| 29:16 | Create | Villager (Male) |
| 29:24 | Create | Villager (Male) |
| 29:24 | Create | Villager (Male) |
| 29:25 | Create | Villager (Male) |
| 29:25 | Create | Villager (Male) |
| 30:09 | Build | Farm |
| 30:24 | Build | Farm |
| 30:33 | Research | Bodkin Arrow |
| 30:50 | Build | University |
| 31:10 | Create | Villager (Male) |
| 31:10 | Create | Villager (Male) |
| 31:36 | Research | Hulche Javelineers |
| 31:46 | Research | Elite Skirmisher (upgrade) |
| 31:54 | Build | Farm |
| 32:03 | Create | Villager (Male) |
| 32:03 | Create | Villager (Male) |
| 32:04 | Create | Villager (Male) |
| 32:04 | Create | Villager (Male) |
| 32:05 | Create | Villager (Male) |
| 32:15 | Build | Farm |
| 32:22 | Build | House |
| 32:24 | Research | Murder Holes |
| 32:25 | Research | Treadmill Crane |
| 32:27 | Research | Masonry |
| 32:29 | Research | Ballistics |
| 33:00 | Build | House |
| 33:04 | Build | House |
| 34:07 | Create | Villager (Male) |
| 34:07 | Create | Villager (Male) |
| 34:08 | Create | Villager (Male) |
| 34:08 | Create | Villager (Male) |
| 34:09 | Create | Villager (Male) |
| 34:14 | Build | Farm |
| 34:48 | Build | Castle |
| 35:10 | Build | Farm |
| 35:15 | Build | Farm |
| 35:35 | Build | Monastery |
| 35:41 | Research | Fortified Wall (upgrade) |
| 36:02 | Research | Imperial Age |
| 36:12 | Build | Farm |
Build order — PIN
First 150 of 510 actions detected
| 0:06 | Build | House |
| 0:08 | Build | House |
| 0:19 | Create | Villager (Male) |
| 0:19 | Create | Villager (Male) |
| 0:19 | Create | Villager (Male) |
| 0:20 | Create | Villager (Male) |
| 0:20 | Create | Villager (Male) |
| 1:58 | Create | Villager (Male) |
| 1:59 | Create | Villager (Male) |
| 2:05 | Build | Lumber Camp |
| 2:25 | Create | Villager (Male) |
| 2:26 | Create | Villager (Male) |
| 2:43 | Create | Villager (Male) |
| 2:55 | Create | Villager (Male) |
| 2:56 | Create | Villager (Male) |
| 3:31 | Create | Villager (Male) |
| 3:52 | Create | Villager (Male) |
| 4:11 | Build | Mill |
| 4:32 | Build | House |
| 4:54 | Create | Villager (Male) |
| 4:54 | Create | Villager (Male) |
| 4:54 | Create | Villager (Male) |
| 5:40 | Create | Villager (Male) |
| 5:40 | Create | Villager (Male) |
| 6:48 | Create | Villager (Male) |
| 7:38 | Create | Villager (Male) |
| 7:38 | Create | Villager (Male) |
| 7:39 | Create | Villager (Male) |
| 7:39 | Create | Villager (Male) |
| 7:39 | Create | Villager (Male) |
| 7:39 | Create | Villager (Male) |
| 7:40 | Create | Villager (Male) |
| 7:48 | Build | House |
| 8:29 | Research | Loom |
| 8:57 | Build | Farm |
| 9:03 | Build | Farm |
| 9:11 | Build | Farm |
| 9:26 | Build | Farm |
| 9:54 | Research | Feudal Age |
| 10:17 | Build | Farm |
| 10:23 | Build | Farm |
| 10:52 | Build | Barracks |
| 11:07 | Create | Villager (Male) |
| 11:07 | Create | Villager (Male) |
| 11:08 | Create | Villager (Male) |
| 11:08 | Create | Villager (Male) |
| 12:10 | Build | House |
| 12:12 | Build | House |
| 12:21 | Create | Villager (Male) |
| 12:43 | Age | Feudal Age |
| 12:47 | Build | Market |
| 12:52 | Research | Horse Collar |
| 12:59 | Research | Double-Bit Axe |
| 13:16 | Build | Mining Camp |
| 13:27 | Build | House |
| 13:29 | Build | House |
| 13:30 | Build | House |
| 13:43 | Build | Stable |
| 13:53 | Create | Villager (Male) |
| 13:53 | Create | Villager (Male) |
| 13:54 | Create | Villager (Male) |
| 13:54 | Create | Villager (Male) |
| 13:54 | Create | Villager (Male) |
| 13:55 | Create | Villager (Male) |
| 14:56 | Build | Archery Range |
| 15:02 | Build | House |
| 15:04 | Build | House |
| 15:28 | Build | Mining Camp |
| 15:36 | Create | Villager (Male) |
| 15:37 | Create | Villager (Male) |
| 15:37 | Create | Villager (Male) |
| 15:37 | Create | Villager (Male) |
| 15:38 | Create | Villager (Male) |
| 15:38 | Create | Villager (Male) |
| 15:50 | Build | Farm |
| 15:52 | Build | Farm |
| 15:54 | Build | Farm |
| 16:00 | Build | Farm |
| 16:08 | Research | Gold Mining |
| 16:15 | Research | Stone Mining |
| 16:24 | Build | House |
| 16:26 | Build | House |
| 16:28 | Build | House |
| 16:31 | Build | House |
| 16:44 | Build | Farm |
| 16:57 | Build | Farm |
| 17:25 | Build | Farm |
| 17:50 | Build | Farm |
| 18:15 | Create | Skirmisher |
| 18:15 | Create | Skirmisher |
| 18:15 | Create | Skirmisher |
| 18:15 | Create | Skirmisher |
| 18:16 | Create | Skirmisher |
| 18:38 | Build | Farm |
| 18:42 | Create | Trade Cart |
| 18:42 | Create | Trade Cart |
| 18:57 | Build | House |
| 19:31 | Build | Farm |
| 19:40 | Build | Farm |
| 19:55 | Research | Castle Age |
| 20:09 | Build | Lumber Camp |
| 20:27 | Build | Farm |
| 20:39 | Build | Farm |
| 21:39 | Build | Farm |
| 21:52 | Build | House |
| 21:54 | Build | House |
| 21:56 | Build | House |
| 21:59 | Build | House |
| 22:00 | Build | House |
| 22:13 | Create | Archer |
| 22:13 | Create | Archer |
| 22:14 | Create | Archer |
| 22:14 | Create | Archer |
| 22:14 | Create | Archer |
| 22:14 | Create | Archer |
| 22:15 | Create | Archer |
| 22:35 | Age | Castle Age |
| 22:39 | Create | Knight |
| 22:39 | Create | Knight |
| 22:40 | Create | Knight |
| 22:50 | Research | Wheelbarrow |
| 22:52 | Create | Villager (Male) |
| 22:52 | Create | Villager (Male) |
| 22:52 | Create | Villager (Male) |
| 22:53 | Create | Villager (Male) |
| 22:53 | Create | Villager (Male) |
| 22:53 | Create | Villager (Male) |
| 22:53 | Create | Villager (Male) |
| 22:54 | Create | Villager (Male) |
| 22:54 | Create | Villager (Male) |
| 22:54 | Create | Villager (Male) |
| 22:54 | Create | Villager (Male) |
| 23:38 | Create | Trade Cart |
| 23:38 | Create | Trade Cart |
| 23:39 | Create | Trade Cart |
| 23:56 | Research | Bow Saw |
| 24:23 | Research | Heavy Plow |
| 24:23 | Research | Heavy Plow |
| 24:59 | Research | Caravan |
| 25:00 | Create | Trade Cart |
| 25:41 | Build | Blacksmith |
| 25:55 | Build | Castle |
| 26:14 | Research | Hand Cart |
| 26:16 | Create | Villager (Male) |
| 26:16 | Create | Villager (Male) |
| 26:16 | Create | Villager (Male) |
| 26:17 | Create | Villager (Male) |
| 26:22 | Research | Stone Shaft Mining |
| 27:03 | Build | House |
| 27:04 | Build | House |
Build order — PlayeReLLi
First 150 of 340 actions detected
| 1:03 | Create | Villager (Male) |
| 1:03 | Create | Villager (Male) |
| 1:03 | Create | Villager (Male) |
| 1:03 | Create | Villager (Male) |
| 1:04 | Create | Villager (Male) |
| 1:14 | Build | House |
| 1:15 | Build | House |
| 3:40 | Create | Villager (Male) |
| 3:40 | Create | Villager (Male) |
| 4:48 | Create | Villager (Male) |
| 4:48 | Create | Villager (Male) |
| 4:49 | Create | Villager (Male) |
| 4:49 | Create | Villager (Male) |
| 5:50 | Build | Lumber Camp |
| 5:57 | Build | Mill |
| 6:58 | Create | Villager (Male) |
| 6:58 | Create | Villager (Male) |
| 6:58 | Create | Villager (Male) |
| 6:59 | Create | Villager (Male) |
| 6:59 | Create | Villager (Male) |
| 7:18 | Build | House |
| 7:22 | Build | House |
| 9:18 | Research | Feudal Age |
| 9:28 | Build | House |
| 9:31 | Build | House |
| 11:18 | Build | Palisade Wall |
| 11:32 | Research | Wheelbarrow |
| 11:38 | Research | Double-Bit Axe |
| 11:46 | Create | Villager (Male) |
| 11:46 | Create | Villager (Male) |
| 11:46 | Create | Villager (Male) |
| 12:02 | Build | House |
| 12:04 | Build | House |
| 12:07 | Build | House |
| 12:21 | Create | Villager (Male) |
| 12:21 | Create | Villager (Male) |
| 13:05 | Build | Farm |
| 13:06 | Build | Farm |
| 13:10 | Build | Farm |
| 13:11 | Build | Farm |
| 13:15 | Build | Farm |
| 13:22 | Build | Farm |
| 14:05 | Build | Farm |
| 14:13 | Build | Farm |
| 14:52 | Build | Farm |
| 15:21 | Build | Palisade Wall |
| 15:47 | Build | Farm |
| 16:00 | Build | Farm |
| 16:04 | Create | Villager (Male) |
| 16:04 | Create | Villager (Male) |
| 16:04 | Create | Villager (Male) |
| 16:04 | Create | Villager (Male) |
| 16:05 | Create | Villager (Male) |
| 16:05 | Create | Villager (Male) |
| 16:05 | Create | Villager (Male) |
| 16:05 | Create | Villager (Male) |
| 16:38 | Build | Farm |
| 16:49 | Build | Farm |
| 17:08 | Build | Farm |
| 17:39 | Build | Market |
| 18:13 | Build | Palisade Wall |
| 18:38 | Build | Mining Camp |
| 18:49 | Build | Blacksmith |
| 19:04 | Build | Palisade Gate |
| 19:08 | Create | Trade Cart |
| 19:08 | Create | Trade Cart |
| 19:28 | Create | Villager (Male) |
| 19:28 | Create | Villager (Male) |
| 19:29 | Create | Villager (Male) |
| 19:29 | Create | Villager (Male) |
| 19:30 | Create | Villager (Male) |
| 20:06 | Build | Palisade Wall |
| 20:38 | Build | Barracks |
| 21:58 | Build | Archery Range |
| 22:02 | Build | Archery Range |
| 22:22 | Build | Palisade Wall |
| 23:13 | Build | Farm |
| 23:30 | Build | Farm |
| 24:00 | Create | Archer |
| 24:00 | Create | Archer |
| 24:00 | Create | Archer |
| 24:00 | Create | Archer |
| 24:01 | Create | Archer |
| 24:01 | Create | Archer |
| 24:02 | Create | Archer |
| 24:07 | Research | Padded Archer Armor |
| 24:51 | Research | Fletching |
| 25:00 | Create | Villager (Male) |
| 25:00 | Create | Villager (Male) |
| 25:00 | Create | Villager (Male) |
| 25:01 | Create | Villager (Male) |
| 25:01 | Create | Villager (Male) |
| 25:01 | Create | Villager (Male) |
| 25:02 | Create | Villager (Male) |
| 26:09 | Create | Skirmisher |
| 26:09 | Create | Skirmisher |
| 26:09 | Create | Skirmisher |
| 26:09 | Create | Skirmisher |
| 26:10 | Create | Skirmisher |
| 26:10 | Create | Skirmisher |
| 26:10 | Create | Skirmisher |
| 26:10 | Create | Skirmisher |
| 26:11 | Create | Skirmisher |
| 26:11 | Create | Skirmisher |
| 26:11 | Create | Skirmisher |
| 26:11 | Create | Skirmisher |
| 26:12 | Create | Skirmisher |
| 26:12 | Create | Skirmisher |
| 27:46 | Build | Palisade Wall |
| 28:30 | Build | House |
| 28:32 | Build | House |
| 28:38 | Build | House |
| 29:24 | Create | Skirmisher |
| 29:25 | Create | Skirmisher |
| 29:25 | Create | Skirmisher |
| 29:25 | Create | Skirmisher |
| 29:26 | Create | Skirmisher |
| 29:26 | Create | Skirmisher |
| 29:26 | Create | Skirmisher |
| 29:26 | Create | Skirmisher |
| 29:27 | Create | Skirmisher |
| 29:27 | Create | Skirmisher |
| 29:28 | Create | Skirmisher |
| 29:28 | Create | Skirmisher |
| 29:51 | Build | Stable |
| 29:53 | Build | Stable |
| 30:16 | Research | Scale Barding Armor |
| 30:30 | Research | Castle Age |
| 31:09 | Research | Bloodlines |
| 31:16 | Create | Scout Cavalry |
| 31:18 | Create | Scout Cavalry |
| 31:19 | Create | Scout Cavalry |
| 31:19 | Create | Scout Cavalry |
| 31:19 | Create | Scout Cavalry |
| 31:20 | Create | Scout Cavalry |
| 31:20 | Create | Scout Cavalry |
| 31:20 | Create | Scout Cavalry |
| 31:21 | Create | Scout Cavalry |
| 31:22 | Create | Scout Cavalry |
| 31:44 | Build | Lumber Camp |
| 32:00 | Build | Farm |
| 32:03 | Build | Farm |
| 32:05 | Build | Farm |
| 32:17 | Build | House |
| 32:19 | Build | House |
| 32:21 | Build | House |
| 32:39 | Build | Lumber Camp |
| 33:14 | Research | Light Cavalry (upgrade) |
| 33:17 | Research | Husbandry |
| 33:23 | Create | Scout Cavalry |
Build order — MMS
First 150 of 344 actions detected
| 0:18 | Create | Villager (Male) |
| 0:18 | Create | Villager (Male) |
| 0:18 | Create | Villager (Male) |
| 0:18 | Create | Villager (Male) |
| 0:19 | Create | Villager (Male) |
| 0:24 | Build | House |
| 0:33 | Build | Mill |
| 0:44 | Build | House |
| 0:58 | Build | House |
| 1:04 | Research | Loom |
| 1:05 | Create | Villager (Male) |
| 1:05 | Create | Villager (Male) |
| 1:05 | Create | Villager (Male) |
| 1:43 | Build | House |
| 1:56 | Create | Villager (Male) |
| 2:02 | Build | Mill |
| 2:49 | Create | Villager (Male) |
| 3:17 | Create | Villager (Male) |
| 3:59 | Create | Villager (Male) |
| 4:21 | Create | Villager (Male) |
| 4:34 | Build | Farm |
| 4:50 | Create | Villager (Male) |
| 5:18 | Create | Villager (Male) |
| 5:28 | Build | Farm |
| 5:34 | Create | Villager (Male) |
| 6:03 | Create | Villager (Male) |
| 6:25 | Build | Lumber Camp |
| 6:29 | Create | Villager (Male) |
| 6:40 | Create | Villager (Male) |
| 6:57 | Create | Villager (Male) |
| 7:22 | Create | Villager (Male) |
| 7:22 | Create | Villager (Male) |
| 7:36 | Build | Farm |
| 7:42 | Create | Villager (Male) |
| 8:13 | Create | Villager (Male) |
| 8:14 | Create | Villager (Male) |
| 8:21 | Build | Mining Camp |
| 8:36 | Build | House |
| 8:42 | Build | House |
| 8:46 | Build | House |
| 8:52 | Create | Villager (Male) |
| 8:52 | Create | Villager (Male) |
| 9:48 | Build | Mining Camp |
| 10:39 | Build | Farm |
| 10:46 | Build | Farm |
| 10:53 | Build | Farm |
| 11:08 | Build | Farm |
| 11:25 | Research | Feudal Age |
| 12:14 | Build | Barracks |
| 12:29 | Create | Villager (Male) |
| 12:29 | Create | Villager (Male) |
| 12:29 | Create | Villager (Male) |
| 12:30 | Create | Villager (Male) |
| 12:30 | Create | Villager (Male) |
| 13:14 | Build | Farm |
| 13:29 | Build | Farm |
| 13:35 | Age | Feudal Age |
| 13:37 | Build | Farm |
| 13:57 | Create | Villager (Male) |
| 13:57 | Create | Villager (Male) |
| 14:02 | Research | Horse Collar |
| 14:29 | Research | Double-Bit Axe |
| 14:52 | Create | Villager (Male) |
| 14:52 | Create | Villager (Male) |
| 15:37 | Research | Man-at-Arms (upgrade) |
| 15:47 | Build | Farm |
| 16:22 | Build | Stone Wall |
| 16:31 | Build | Stone Wall |
| 17:25 | Create | Militia |
| 17:25 | Create | Militia |
| 17:25 | Create | Militia |
| 17:27 | Create | Militia |
| 17:35 | Build | Farm |
| 17:43 | Build | Farm |
| 17:50 | Build | Farm |
| 17:57 | Create | Militia |
| 17:57 | Create | Militia |
| 18:11 | Build | House |
| 18:25 | Build | House |
| 18:30 | Build | House |
| 18:32 | Build | House |
| 18:36 | Build | House |
| 18:39 | Build | House |
| 18:42 | Build | House |
| 19:22 | Build | Barracks |
| 19:26 | Build | Archery Range |
| 19:30 | Build | Stable |
| 19:56 | Research | Town Watch |
| 19:57 | Research | Wheelbarrow |
| 20:08 | Build | Lumber Camp |
| 20:21 | Create | Villager (Male) |
| 20:22 | Create | Villager (Male) |
| 20:22 | Create | Villager (Male) |
| 20:22 | Create | Villager (Male) |
| 20:24 | Create | Villager (Male) |
| 21:02 | Research | Bloodlines |
| 21:14 | Build | Blacksmith |
| 22:06 | Create | Skirmisher |
| 22:07 | Create | Skirmisher |
| 22:07 | Create | Skirmisher |
| 22:07 | Create | Skirmisher |
| 22:08 | Create | Skirmisher |
| 22:18 | Research | Stone Mining |
| 23:09 | Build | Mining Camp |
| 23:53 | Build | Stone Wall |
| 24:53 | Build | Stone Wall |
| 26:37 | Create | Skirmisher |
| 26:38 | Create | Skirmisher |
| 26:38 | Create | Skirmisher |
| 26:38 | Create | Skirmisher |
| 26:39 | Create | Skirmisher |
| 26:39 | Create | Skirmisher |
| 26:53 | Research | Castle Age |
| 26:58 | Research | Scale Mail Armor |
| 26:58 | Research | Scale Barding Armor |
| 26:59 | Research | Padded Archer Armor |
| 27:00 | Research | Fletching |
| 27:19 | Build | Archery Range |
| 27:22 | Build | Stable |
| 27:31 | Create | Militia |
| 27:31 | Create | Militia |
| 27:32 | Create | Militia |
| 27:56 | Research | Gold Mining |
| 29:27 | Create | Skirmisher |
| 29:27 | Create | Skirmisher |
| 29:28 | Create | Skirmisher |
| 29:28 | Create | Skirmisher |
| 29:28 | Create | Skirmisher |
| 29:29 | Create | Skirmisher |
| 29:29 | Create | Skirmisher |
| 29:29 | Create | Skirmisher |
| 29:31 | Create | Skirmisher |
| 29:32 | Create | Skirmisher |
| 29:33 | Age | Castle Age |
| 29:45 | Build | Castle |
| 29:51 | Research | Town Patrol |
| 30:04 | Build | University |
| 30:28 | Create | Knight |
| 30:29 | Create | Knight |
| 30:37 | Build | Siege Workshop |
| 30:44 | Create | Villager (Male) |
| 30:44 | Create | Villager (Male) |
| 30:44 | Create | Villager (Male) |
| 30:45 | Create | Villager (Male) |
| 31:26 | Research | Ballistics |
| 31:57 | Create | Battering Ram |
| 32:20 | Build | House |
| 32:24 | Build | House |
| 32:28 | Build | House |
| 32:31 | Build | House |
Build order — Vasea73
First 150 of 357 actions detected
| 0:02 | Create | Villager (Male) |
| 0:03 | Research | Loom |
| 0:03 | Create | Villager (Male) |
| 0:04 | Create | Villager (Male) |
| 0:04 | Create | Villager (Male) |
| 0:04 | Create | Villager (Male) |
| 0:09 | Build | House |
| 2:18 | Build | House |
| 2:30 | Build | Lumber Camp |
| 2:36 | Create | Villager (Male) |
| 3:29 | Create | Villager (Male) ×2 |
| 3:43 | Build | Mill |
| 4:04 | Create | Villager (Male) |
| 4:04 | Create | Villager (Male) |
| 4:32 | Create | Villager (Male) |
| 5:08 | Build | House |
| 5:14 | Build | House |
| 5:29 | Create | Villager (Male) |
| 6:44 | Create | Villager (Male) ×5 |
| 8:42 | Research | Feudal Age |
| 9:58 | Build | House |
| 10:00 | Build | House |
| 10:02 | Build | House |
| 10:09 | Create | Villager (Male) ×5 |
| 10:59 | Age | Feudal Age |
| 11:12 | Build | Mill |
| 11:34 | Build | Market |
| 12:48 | Build | Blacksmith |
| 12:57 | Build | Lumber Camp |
| 13:26 | Create | Villager (Male) |
| 13:27 | Create | Villager (Male) |
| 13:27 | Create | Villager (Male) |
| 13:27 | Create | Villager (Male) |
| 13:28 | Create | Villager (Male) |
| 13:28 | Create | Villager (Male) |
| 13:58 | Build | Farm |
| 13:58 | Build | Farm |
| 13:58 | Build | Farm |
| 13:58 | Build | Farm |
| 13:59 | Build | Farm |
| 13:59 | Build | Farm |
| 14:00 | Build | Farm |
| 14:37 | Build | Mining Camp |
| 16:06 | Research | Castle Age |
| 17:09 | Build | Farm |
| 17:14 | Build | Farm |
| 17:14 | Build | Farm |
| 17:14 | Build | Farm |
| 17:18 | Build | Farm |
| 17:24 | Create | Villager (Male) |
| 17:39 | Create | Villager (Male) |
| 17:39 | Create | Villager (Male) |
| 17:58 | Build | Mill |
| 18:27 | Build | House |
| 18:46 | Age | Castle Age |
| 18:58 | Research | Forging |
| 19:10 | Create | Villager (Male) ×5 |
| 19:22 | Build | Town Center |
| 19:43 | Build | Town Center |
| 20:28 | Create | Trade Cart |
| 21:01 | Create | Villager (Male) |
| 21:01 | Create | Villager (Male) |
| 21:01 | Create | Villager (Male) |
| 21:02 | Create | Villager (Male) |
| 21:12 | Create | Villager (Male) ×3 |
| 21:28 | Build | House |
| 21:29 | Build | House |
| 21:31 | Build | House |
| 21:33 | Build | House |
| 21:40 | Create | Villager (Male) ×2 |
| 22:07 | Build | Town Center |
| 22:14 | Build | Farm |
| 22:15 | Build | Farm |
| 22:15 | Build | Farm |
| 22:17 | Build | Farm |
| 22:18 | Build | Farm |
| 22:19 | Build | Farm |
| 22:37 | Research | Double-Bit Axe |
| 23:14 | Build | Town Center |
| 23:25 | Create | Villager (Male) ×5 |
| 23:30 | Create | Villager (Male) |
| 23:30 | Create | Villager (Male) |
| 23:45 | Create | Villager (Male) |
| 23:59 | Create | Trade Cart |
| 24:14 | Build | Town Center |
| 24:26 | Create | Villager (Male) ×4 |
| 24:36 | Create | Villager (Male) |
| 24:37 | Create | Villager (Male) |
| 24:42 | Create | Villager (Male) |
| 24:42 | Create | Villager (Male) |
| 24:55 | Build | Farm |
| 24:55 | Build | Farm |
| 24:55 | Build | Farm |
| 24:56 | Build | Farm |
| 25:09 | Build | Monastery |
| 25:15 | Build | University |
| 25:18 | Create | Villager (Male) |
| 25:24 | Create | Villager (Male) |
| 25:25 | Create | Villager (Male) |
| 25:43 | Build | Farm |
| 25:54 | Create | Villager (Male) ×4 |
| 26:22 | Create | Villager (Male) ×2 |
| 26:28 | Build | Watch Tower |
| 26:37 | Build | Mining Camp |
| 26:46 | Build | House |
| 26:47 | Build | House |
| 26:49 | Build | House |
| 27:00 | Create | Villager (Male) ×5 |
| 27:28 | Build | House |
| 27:30 | Build | House |
| 27:32 | Build | House |
| 27:36 | Research | Treadmill Crane |
| 27:44 | Build | Farm |
| 27:44 | Build | Farm |
| 27:45 | Build | Farm |
| 27:45 | Build | Farm |
| 27:47 | Build | Farm |
| 27:48 | Build | Farm |
| 27:48 | Build | Farm |
| 27:48 | Build | Farm |
| 27:49 | Build | Farm |
| 27:54 | Create | Villager (Male) ×5 |
| 28:03 | Build | Town Center |
| 28:39 | Build | Watch Tower |
| 28:46 | Build | House |
| 28:48 | Build | House |
| 28:49 | Build | House |
| 28:51 | Build | House |
| 29:07 | Build | Farm |
| 29:07 | Build | Farm |
| 29:07 | Build | Farm |
| 29:08 | Build | Farm |
| 29:08 | Build | Farm |
| 29:18 | Build | Farm |
| 29:19 | Build | Farm |
| 29:19 | Build | Farm |
| 29:20 | Build | Farm |
| 29:24 | Create | Villager (Male) |
| 29:24 | Create | Villager (Male) |
| 29:29 | Create | Villager (Male) |
| 29:29 | Create | Villager (Male) |
| 29:34 | Create | Villager (Male) ×5 |
| 29:40 | Create | Trade Cart |
| 29:53 | Create | Trade Cart |
| 30:17 | Create | Villager (Male) |
| 30:35 | Build | Barracks |
| 30:50 | Build | Watch Tower |
| 30:55 | Build | Siege Workshop |
| 31:11 | Research | Imperial Age |
| 31:14 | Research | Horse Collar |
Build order — Wit Ridder
First 150 of 384 actions detected
| 0:11 | Build | House |
| 0:16 | Create | Villager (Male) |
| 0:16 | Create | Villager (Male) |
| 0:17 | Create | Villager (Male) |
| 0:17 | Create | Villager (Male) |
| 0:17 | Create | Villager (Male) |
| 0:19 | Research | Loom |
| 0:37 | Build | House |
| 0:39 | Build | House |
| 0:40 | Build | House |
| 1:38 | Create | Villager (Male) |
| 2:33 | Create | Villager (Male) |
| 2:40 | Create | Villager (Male) |
| 2:58 | Build | Lumber Camp |
| 3:05 | Create | Villager (Male) |
| 3:33 | Create | Villager (Male) |
| 3:56 | Create | Villager (Male) |
| 4:24 | Create | Villager (Male) |
| 4:54 | Create | Villager (Male) |
| 5:02 | Build | Mill |
| 5:17 | Create | Villager (Male) |
| 5:42 | Create | Villager (Male) |
| 6:13 | Create | Villager (Male) |
| 6:17 | Create | Villager (Male) |
| 6:41 | Build | Farm |
| 6:47 | Create | Villager (Male) |
| 7:04 | Build | House |
| 7:05 | Build | House |
| 7:06 | Build | House |
| 7:32 | Create | Villager (Male) |
| 8:31 | Build | Mining Camp |
| 9:04 | Build | Farm |
| 9:12 | Build | Farm |
| 9:22 | Build | Farm |
| 9:24 | Research | Feudal Age |
| 9:39 | Build | Mining Camp |
| 10:44 | Build | House |
| 10:47 | Build | House |
| 10:48 | Build | House |
| 10:51 | Build | House |
| 10:53 | Build | House |
| 10:54 | Build | House |
| 10:57 | Build | House |
| 10:58 | Build | House |
| 11:00 | Build | House |
| 11:01 | Build | House |
| 11:03 | Build | House |
| 11:20 | Create | Villager (Male) |
| 11:20 | Create | Villager (Male) |
| 11:20 | Create | Villager (Male) |
| 11:21 | Create | Villager (Male) |
| 11:21 | Create | Villager (Male) |
| 11:21 | Create | Villager (Male) |
| 11:34 | Age | Feudal Age |
| 11:36 | Research | Double-Bit Axe |
| 11:37 | Research | Double-Bit Axe |
| 12:26 | Research | Horse Collar |
| 12:32 | Build | Farm |
| 13:22 | Create | Villager (Male) |
| 13:23 | Create | Villager (Male) |
| 13:23 | Create | Villager (Male) |
| 13:24 | Create | Villager (Male) |
| 13:24 | Create | Villager (Male) |
| 13:37 | Build | Farm |
| 13:44 | Build | Farm |
| 13:54 | Build | Farm |
| 14:01 | Create | Villager (Male) |
| 14:01 | Create | Villager (Male) |
| 14:02 | Create | Villager (Male) |
| 14:02 | Create | Villager (Male) |
| 14:18 | Build | Mill |
| 15:03 | Build | Market |
| 15:26 | Build | Farm |
| 15:30 | Build | Farm |
| 15:41 | Build | Blacksmith |
| 15:45 | Create | Villager (Male) |
| 15:45 | Create | Villager (Male) |
| 16:21 | Build | Mill |
| 16:32 | Build | Mining Camp |
| 16:45 | Build | Farm |
| 16:50 | Build | Farm |
| 17:10 | Build | Farm |
| 17:42 | Build | Barracks |
| 17:47 | Create | Villager (Male) |
| 17:59 | Build | Farm |
| 18:04 | Create | Villager (Male) |
| 18:26 | Build | Farm |
| 18:45 | Build | Farm |
| 18:49 | Build | Farm |
| 18:57 | Build | Farm |
| 19:00 | Research | Castle Age |
| 19:20 | Create | Trade Cart |
| 19:21 | Create | Trade Cart |
| 20:33 | Create | Villager (Male) |
| 20:33 | Create | Villager (Male) |
| 20:34 | Create | Villager (Male) |
| 20:34 | Create | Villager (Male) |
| 20:45 | Build | Market |
| 21:16 | Create | Villager (Male) |
| 21:16 | Create | Villager (Male) |
| 21:17 | Create | Villager (Male) |
| 21:17 | Create | Villager (Male) |
| 21:17 | Create | Villager (Male) |
| 21:18 | Create | Villager (Male) |
| 21:18 | Create | Villager (Male) |
| 21:18 | Create | Villager (Male) |
| 21:18 | Create | Villager (Male) |
| 21:19 | Create | Villager (Male) |
| 21:19 | Create | Villager (Male) |
| 21:35 | Research | Man-at-Arms (upgrade) |
| 21:38 | Research | Arson |
| 21:40 | Create | Spearman |
| 21:40 | Age | Castle Age |
| 21:40 | Create | Spearman |
| 21:40 | Create | Spearman |
| 21:40 | Create | Spearman |
| 21:57 | Build | Farm |
| 22:19 | Research | Pikeman (upgrade) |
| 22:24 | Research | Squires |
| 22:32 | Build | Town Center |
| 22:35 | Create | Villager (Male) |
| 22:35 | Create | Villager (Male) |
| 22:36 | Create | Villager (Male) |
| 22:36 | Create | Villager (Male) |
| 23:09 | Research | Caravan |
| 23:10 | Create | Trade Cart |
| 23:10 | Create | Trade Cart |
| 23:37 | Create | Villager (Male) |
| 23:37 | Create | Villager (Male) |
| 23:37 | Create | Villager (Male) |
| 23:38 | Create | Villager (Male) |
| 23:38 | Create | Villager (Male) |
| 23:52 | Create | Villager (Male) |
| 23:52 | Create | Villager (Male) |
| 23:53 | Create | Villager (Male) |
| 24:24 | Research | Bow Saw |
| 24:39 | Research | Heavy Plow |
| 24:54 | Build | Farm |
| 24:59 | Build | Farm |
| 25:09 | Create | Villager (Male) |
| 25:10 | Create | Villager (Male) |
| 25:10 | Create | Villager (Male) |
| 25:10 | Create | Villager (Male) |
| 25:13 | Create | Villager (Male) |
| 25:23 | Create | Villager (Male) |
| 25:24 | Create | Villager (Male) |
| 25:24 | Create | Villager (Male) |
| 25:40 | Build | Castle |
| 26:01 | Build | Farm |
| 26:06 | Build | Farm |
Build order — 猫神TRACK
First 150 of 307 actions detected
| 0:03 | Build | House |
| 0:05 | Build | House |
| 0:06 | Build | House |
| 0:19 | Create | Villager (Male) |
| 0:20 | Create | Villager (Male) |
| 0:20 | Create | Villager (Male) |
| 0:24 | Create | Villager (Male) |
| 1:59 | Create | Villager (Male) |
| 2:35 | Create | Villager (Male) |
| 2:36 | Create | Villager (Male) |
| 3:02 | Create | Villager (Male) |
| 3:32 | Create | Villager (Male) |
| 3:58 | Build | Mill |
| 4:01 | Create | Villager (Male) |
| 4:24 | Create | Villager (Male) |
| 5:01 | Create | Villager (Male) |
| 5:10 | Create | Villager (Male) |
| 5:36 | Build | House |
| 5:39 | Build | House |
| 5:46 | Create | Villager (Male) |
| 6:03 | Create | Villager (Male) |
| 6:04 | Create | Villager (Male) |
| 6:23 | Create | Villager (Male) |
| 7:32 | Create | Villager (Male) |
| 7:46 | Create | Villager (Male) |
| 8:09 | Create | Villager (Male) |
| 8:09 | Create | Villager (Male) |
| 9:15 | Research | Feudal Age |
| 11:05 | Create | Villager (Male) ×5 |
| 11:26 | Age | Feudal Age |
| 11:26 | Research | Horse Collar |
| 11:29 | Research | Double-Bit Axe |
| 11:29 | Research | Gold Mining |
| 11:48 | Build | Farm |
| 11:49 | Build | Farm |
| 11:54 | Build | Farm |
| 12:10 | Build | Farm |
| 12:18 | Build | Farm |
| 12:25 | Build | Farm |
| 12:49 | Build | House |
| 12:52 | Build | House |
| 12:55 | Build | Farm |
| 13:02 | Create | Villager (Male) |
| 13:26 | Build | Blacksmith |
| 13:33 | Build | Market |
| 13:36 | Build | Market |
| 13:39 | Build | House |
| 13:41 | Build | House |
| 13:43 | Create | Villager (Male) |
| 14:03 | Build | Farm |
| 14:16 | Create | Villager (Male) |
| 14:24 | Build | Farm |
| 14:42 | Create | Villager (Male) |
| 15:07 | Build | Mill |
| 15:14 | Build | Farm |
| 15:16 | Create | Villager (Male) |
| 15:21 | Build | Farm |
| 15:27 | Build | Mill |
| 15:33 | Create | Villager (Male) |
| 15:44 | Build | Farm |
| 15:50 | Build | House |
| 15:53 | Build | House |
| 15:55 | Build | House |
| 15:56 | Build | House |
| 15:58 | Build | House |
| 15:59 | Build | House |
| 16:02 | Create | Villager (Male) |
| 16:10 | Build | Farm |
| 16:13 | Create | Villager (Male) |
| 16:35 | Build | Farm |
| 16:39 | Create | Villager (Male) |
| 17:02 | Build | Farm |
| 17:07 | Create | Villager (Male) |
| 17:25 | Build | Farm |
| 17:32 | Create | Villager (Male) |
| 17:50 | Build | Farm |
| 17:53 | Create | Villager (Male) |
| 17:59 | Build | House |
| 18:00 | Build | House |
| 18:05 | Build | Farm |
| 18:06 | Build | Farm |
| 18:14 | Build | Farm |
| 18:23 | Create | Villager (Male) |
| 18:36 | Create | Villager (Male) |
| 18:39 | Build | Farm |
| 18:54 | Research | Castle Age |
| 19:59 | Create | Villager (Male) ×5 |
| 20:07 | Research | Wheelbarrow |
| 20:08 | Research | Loom |
| 20:18 | Research | Town Watch |
| 21:18 | Research | Stone Mining |
| 21:41 | Age | Castle Age |
| 21:46 | Build | Town Center |
| 21:52 | Build | Town Center |
| 22:13 | Build | Monastery |
| 22:37 | Build | Monastery |
| 22:58 | Create | Monk |
| 23:14 | Create | Villager (Male) ×5 |
| 23:18 | Create | Villager (Male) ×5 |
| 23:25 | Build | Farm |
| 23:32 | Build | Barracks |
| 23:47 | Create | Villager (Male) ×5 |
| 24:25 | Create | Monk |
| 24:42 | Build | Stable |
| 24:46 | Build | Farm |
| 24:47 | Build | Farm |
| 24:56 | Research | Bow Saw |
| 24:59 | Research | Heavy Plow |
| 25:15 | Build | Town Center |
| 25:31 | Build | Monastery |
| 25:35 | Build | Farm |
| 25:39 | Create | Villager (Male) |
| 25:44 | Create | Villager (Male) |
| 25:44 | Create | Villager (Male) |
| 25:46 | Create | Villager (Male) |
| 25:47 | Create | Villager (Male) |
| 25:47 | Create | Villager (Male) |
| 25:47 | Create | Villager (Male) |
| 26:03 | Build | Farm |
| 26:06 | Create | Villager (Male) |
| 26:07 | Create | Villager (Male) |
| 26:07 | Create | Villager (Male) |
| 26:56 | Build | Farm |
| 27:10 | Research | Stone Shaft Mining |
| 27:17 | Build | Mule Cart |
| 27:36 | Build | Farm |
| 27:39 | Build | Farm |
| 27:40 | Create | Villager (Male) |
| 28:01 | Create | Villager (Male) |
| 28:02 | Create | Villager (Male) |
| 28:19 | Build | Castle |
| 28:28 | Build | Farm |
| 28:29 | Build | Farm |
| 28:30 | Build | Farm |
| 28:30 | Build | Farm |
| 28:33 | Build | Farm |
| 28:34 | Create | Villager (Male) |
| 28:38 | Build | Farm |
| 28:43 | Build | Farm |
| 28:56 | Research | Caravan |
| 29:06 | Create | Villager (Male) ×5 |
| 29:10 | Build | Farm |
| 29:16 | Create | Villager (Male) ×5 |
| 29:21 | Create | Villager (Male) ×5 |
| 29:23 | Research | Hand Cart |
| 29:23 | Research | Town Patrol |
| 29:37 | Build | Monastery |
| 29:43 | Build | Mule Cart |
| 29:48 | Build | Farm |
| 30:04 | Create | Villager (Male) ×5 |
Build order — Anairda
First 150 of 368 actions detected
| 0:17 | Build | House |
| 0:25 | Create | Villager (Male) |
| 0:26 | Research | Loom |
| 0:27 | Create | Villager (Male) |
| 0:27 | Create | Villager (Male) |
| 0:27 | Create | Villager (Male) |
| 0:27 | Create | Villager (Male) |
| 1:09 | Build | House |
| 1:10 | Build | House |
| 1:13 | Build | House |
| 1:43 | Build | Lumber Camp |
| 1:58 | Build | House |
| 3:12 | Create | Villager (Male) |
| 3:12 | Create | Villager (Male) |
| 4:06 | Build | Mining Camp |
| 4:12 | Create | Villager (Male) |
| 4:35 | Create | Villager (Male) |
| 5:24 | Build | Mill |
| 5:28 | Create | Villager (Male) |
| 5:29 | Create | Villager (Male) |
| 6:13 | Create | Villager (Male) |
| 6:13 | Create | Villager (Male) |
| 6:35 | Create | Villager (Male) |
| 7:05 | Create | Villager (Male) |
| 7:31 | Create | Villager (Male) |
| 7:31 | Create | Villager (Male) |
| 7:48 | Build | Mining Camp |
| 8:03 | Create | Villager (Male) |
| 8:21 | Create | Villager (Male) |
| 8:22 | Create | Villager (Male) |
| 8:42 | Create | Villager (Male) |
| 9:14 | Create | Villager (Male) |
| 9:15 | Create | Villager (Male) |
| 9:28 | Build | Barracks |
| 9:34 | Create | Villager (Male) |
| 9:35 | Create | Villager (Male) |
| 10:07 | Create | Villager (Male) |
| 11:04 | Create | Villager (Male) |
| 11:04 | Create | Villager (Male) |
| 11:05 | Create | Villager (Male) |
| 11:32 | Create | Villager (Male) |
| 12:36 | Create | Villager (Male) |
| 12:52 | Create | Villager (Male) |
| 13:11 | Build | House |
| 13:23 | Create | Villager (Male) |
| 13:49 | Build | House |
| 14:00 | Build | Farm |
| 14:02 | Build | Farm |
| 14:06 | Build | Mill |
| 14:11 | Research | Feudal Age |
| 15:29 | Build | House |
| 15:50 | Create | Villager (Male) |
| 15:50 | Create | Villager (Male) |
| 15:51 | Create | Villager (Male) |
| 15:51 | Create | Villager (Male) |
| 15:51 | Create | Villager (Male) |
| 16:03 | Build | House |
| 16:04 | Build | House |
| 16:06 | Build | House |
| 16:08 | Build | House |
| 16:21 | Age | Feudal Age |
| 16:26 | Research | Horse Collar |
| 16:31 | Research | Double-Bit Axe |
| 16:36 | Create | Villager (Male) |
| 16:36 | Create | Villager (Male) |
| 17:00 | Build | Archery Range |
| 17:04 | Build | Stable |
| 17:42 | Create | Spearman |
| 17:42 | Create | Spearman |
| 17:42 | Create | Spearman |
| 17:43 | Create | Spearman |
| 17:43 | Create | Spearman |
| 18:30 | Build | Market |
| 18:53 | Create | Villager (Male) |
| 18:54 | Create | Villager (Male) |
| 18:54 | Create | Villager (Male) |
| 18:54 | Create | Villager (Male) |
| 18:55 | Create | Villager (Male) |
| 19:10 | Build | House |
| 19:14 | Build | House |
| 19:16 | Build | House |
| 19:41 | Build | Farm |
| 19:43 | Build | Farm |
| 19:45 | Build | Farm |
| 19:46 | Build | Farm |
| 19:48 | Build | Farm |
| 19:50 | Build | Farm |
| 20:00 | Build | Farm |
| 20:13 | Build | House |
| 20:16 | Build | House |
| 20:20 | Build | House |
| 20:32 | Build | Mining Camp |
| 20:37 | Create | Villager (Male) |
| 20:37 | Create | Villager (Male) |
| 20:37 | Create | Villager (Male) |
| 20:38 | Create | Villager (Male) |
| 20:38 | Create | Villager (Male) |
| 21:14 | Build | House |
| 21:19 | Build | House |
| 21:21 | Build | House |
| 21:22 | Build | House |
| 21:34 | Build | House |
| 21:35 | Build | House |
| 22:01 | Build | Blacksmith |
| 22:36 | Create | Villager (Male) |
| 23:08 | Build | Mill |
| 23:26 | Create | Villager (Male) |
| 23:28 | Create | Villager (Male) |
| 24:00 | Research | Castle Age |
| 24:17 | Build | Mining Camp |
| 24:35 | Create | Archer |
| 24:35 | Create | Archer |
| 24:36 | Create | Archer |
| 24:36 | Create | Archer |
| 24:36 | Create | Archer |
| 24:37 | Create | Archer |
| 24:37 | Create | Archer |
| 24:37 | Create | Archer |
| 24:38 | Create | Archer |
| 24:39 | Create | Archer |
| 24:39 | Create | Archer |
| 24:39 | Create | Archer |
| 24:40 | Create | Archer |
| 24:40 | Create | Archer |
| 24:40 | Create | Archer |
| 24:43 | Research | Man-at-Arms (upgrade) |
| 24:44 | Create | Spearman |
| 24:44 | Create | Spearman |
| 24:45 | Create | Spearman |
| 24:45 | Create | Spearman |
| 24:45 | Create | Spearman |
| 24:54 | Build | Farm |
| 25:10 | Build | Farm |
| 25:11 | Build | Farm |
| 25:13 | Build | Farm |
| 25:42 | Create | Villager (Male) |
| 25:43 | Create | Villager (Male) |
| 25:43 | Create | Villager (Male) |
| 26:08 | Research | Stone Mining |
| 26:23 | Build | Farm |
| 26:37 | Create | Villager (Male) |
| 26:37 | Create | Villager (Male) |
| 26:38 | Create | Villager (Male) |
| 26:56 | Age | Castle Age |
| 27:05 | Build | Castle |
| 27:22 | Build | University |
| 27:38 | Build | Farm |
| 27:49 | Build | Castle |
| 27:52 | Build | Siege Workshop |
| 28:04 | Research | Murder Holes |
Match timeline
| 9:28 | Anairda · first_building Barracks |
| 10:52 | PIN · first_building Barracks |
| 10:59 | Vasea73 · age_up feudal |
| 11:18 | PlayeReLLi · wall_segment Palisade Wall x18 |
| 11:26 | 猫神TRACK · age_up feudal |
| 11:34 | Wit Ridder · age_up feudal |
| 11:38 | Lukrat · first_building Barracks |
| 12:14 | MMS · first_building Barracks |
| 12:43 | PIN · age_up feudal |
| 13:35 | MMS · age_up feudal |
| 13:43 | PIN · first_building Stable |
| 14:41 | Lukrat · age_up feudal |
| 14:56 | PIN · first_building Archery Range |
| 15:05 | Lukrat · first_building Archery Range |
| 15:21 | PlayeReLLi · wall_segment Palisade Wall x11 |
| 15:53 | Vasea73 · first_market_sell 500 wood |
| 15:57 | Vasea73 · first_market_buy 100 food |
| 16:21 | Anairda · age_up feudal |
| 16:22 | MMS · wall_segment Stone Wall x18 |
| 16:31 | MMS · wall_segment Stone Wall x12 |
| 17:00 | Anairda · first_building Archery Range |
| 17:04 | Anairda · first_building Stable |
| 17:42 | Wit Ridder · first_building Barracks |
| 18:13 | PlayeReLLi · wall_segment Palisade Wall x13 |
| 18:46 | Vasea73 · age_up castle |
| 19:26 | MMS · first_building Archery Range |
| 19:30 | MMS · first_building Stable |
| 20:06 | PlayeReLLi · wall_segment Palisade Wall x8 |
| 20:38 | PlayeReLLi · first_building Barracks |
| 21:40 | Wit Ridder · age_up castle |
| 21:41 | 猫神TRACK · age_up castle |
| 21:58 | PlayeReLLi · first_building Archery Range |
| 22:13 | 猫神TRACK · first_building Monastery |
| 22:22 | PlayeReLLi · wall_segment Palisade Wall x13 |
| 22:35 | PIN · age_up castle |
| 23:32 | 猫神TRACK · first_building Barracks |
| 23:53 | MMS · wall_segment Stone Wall x4 |
| 24:42 | 猫神TRACK · first_building Stable |
| 24:53 | MMS · wall_segment Stone Wall x14 |
| 25:09 | Vasea73 · first_building Monastery |
| 25:40 | Wit Ridder · first_building Castle |
| 25:55 | PIN · first_building Castle |
| 26:28 | Wit Ridder · first_building Monastery |
| 26:56 | Lukrat · age_up castle |
| 26:56 | Anairda · age_up castle |
| 27:05 | Anairda · first_building Castle |
| 27:18 | Lukrat · first_building Castle |
| 27:46 | PlayeReLLi · wall_segment Palisade Wall x7 |
| 27:52 | Anairda · first_building Siege Workshop |
| 28:11 | 猫神TRACK · first_market_buy 100 stone |
| 28:19 | 猫神TRACK · first_building Castle |
| 28:36 | Anairda · first_building Monastery |
| 29:32 | Wit Ridder · first_building Siege Workshop |
| 29:33 | MMS · age_up castle |
| 29:45 | MMS · first_building Castle |
| 29:51 | PlayeReLLi · first_building Stable |
| 30:35 | Vasea73 · first_building Barracks |
| 30:37 | MMS · first_building Siege Workshop |
| 30:55 | Vasea73 · first_building Siege Workshop |
| 32:04 | Anairda · first_market_sell 100 food |
| 32:46 | Vasea73 · first_building Castle |
| 32:54 | Wit Ridder · age_up imperial |
| 34:06 | Vasea73 · first_building Archery Range |
| 34:21 | 猫神TRACK · age_up imperial |
| 34:24 | Lukrat · first_market_sell 100 wood |
| 34:24 | Vasea73 · age_up imperial |
| 34:28 | Lukrat · first_market_buy 100 stone |
| 35:35 | Lukrat · first_building Monastery |
| 35:37 | Anairda · age_up imperial |
| 37:20 | PIN · age_up imperial |
| 39:11 | Lukrat · age_up imperial |
| 42:11 | PlayeReLLi · wall_segment Stone Wall x6 |
| 42:37 | Vasea73 · first_building Stable |
| 44:18 | PlayeReLLi · wall_segment Stone Wall x4 |
| 44:52 | PlayeReLLi · wall_segment Stone Wall x8 |
| 45:51 | Anairda · wall_segment Stone Wall x6 |
| 46:47 | PlayeReLLi · wall_segment Stone Wall x11 |
| 46:56 | PlayeReLLi · wall_segment Stone Wall x1 |
| 48:27 | PlayeReLLi · first_building Siege Workshop |
| 50:13 | 猫神TRACK · first_market_sell 100 food |
| 51:02 | Lukrat · first_building Siege Workshop |
| 51:05 | PlayeReLLi · first_building Castle |
| 51:19 | PlayeReLLi · wall_segment Stone Wall x1 |
| 55:55 | Lukrat · resign |
| 59:30 | MMS · age_up imperial |
| 59:41 | PlayeReLLi · wall_segment Stone Wall x12 |
| 60:36 | PlayeReLLi · wall_segment Stone Wall x8 |
| 62:08 | PIN · first_market_sell 100 wood |
| 63:53 | 猫神TRACK · first_building Archery Range |
| 63:59 | 猫神TRACK · first_building Siege Workshop |
[ AI ANALYSIS · 1 CREDIT ]
What really happened in this match?
Wolo.gg analyzes every decision: build order, eco, micro, common mistakes by bracket. Personalized analysis on WhatsApp or Discord in 30 seconds.
Civ guide
Maya
Map guide
Arena
Perfil
Lukrat